cohdb
Replays
Latest Replays
All Replays
Popular Replays
Top Player Replays
Match Explorer
How It Works
Community
CoH3 Stats
Reddit
Sign in to upload your games and track your stats! →
Sign in with Steam
Match 42776365
Unlisted
Match 42776365
Overview
Messages
Build Orders
End
250 Light Carrier
Panzerpioneer Squad
Selects Armored Support Battlegroup
Panzerpioneer Squad
Panzerpioneer Squad
Panzergrenadier Squad
Construct Light Support Kompanie
Fire Support Elements
Panzerjäger Mechanized Group
Pak 38 Anti-tank Gun Team
Flakvierling Half-track
Selects Superior Fire Drills
XuZhongwei
Fist full of love
0
0
Comments
sign in to comment!
No comments posted yet!